Map: King Sejong Station LE

Players

flyingdede

  • Race: Zerg Zerg
  • League: Master

Miszu - Winner!

  • Race: Terran Terran
  • League: Master

VOD

Have the link to the VOD?

Description

Time

  • Played on: June 20, 2016, 12:50 p.m.
  • Length: 15:00
Show
View Real Time Build Order
Export as new Build Order

flyingdede Zerg 

Build Orders: Hatch First 

Get SALT Encoding   

  12  0:01  Drone  
  13  0:09  Drone  
  14  0:17  Overlord  
  14  0:25  Extractor, Drone  
  15  0:36  Drone x2  
  17  0:57  Hatchery  
  16  1:05  Drone  
  17  1:15  Spawning Pool  
  17  1:16  Drone  
  17  1:22  Drone  
  18  1:38  Overlord, Drone  
  18  1:39  Drone  
  20  2:05  Queen  
  22  2:09  Extractor  
  22  2:10  Queen  
  22  2:11  Zergling x2  
  25  2:16  Extractor  
  25  2:17  Drone  
  25  2:18  Drone x2  
  27  2:24  Drone  
  27  2:28  Extractor  
  27  2:29  Drone  
  29  2:37  Drone, Hatchery  
  29  2:43  Drone x2  
  31  2:51  Queen  
  31  2:54  Overlord  
  31  2:57  Drone  
  34  3:13  Drone x3  
  34  3:17  Extractor  
  34  3:18  Extractor  
  34  3:20  Queen  
  34  3:22  Drone  
  34  3:23  Drone x3  
  40  3:27  Drone x3  
  43  3:34  Overlord  
  43  3:36  Overlord  
  43  3:46  Drone  
  43  3:47  Drone, Spore Crawler  
  44  3:49  Drone x3  
  44  3:51  Drone  
  44  3:53  Drone  
  49  4:04  Queen  
  49  4:05  Drone x4  
  55  4:27  Drone x4  
  55  4:28  Drone x3  
  55  4:29  Queen  
  64  4:32  Metabolic Boost, Zergling x4  
  64  4:37  Evolution Chamber  
  65  4:38  Evolution Chamber  
  65  4:39  Baneling Nest, Extractor  
  62  5:02  Drone x3  
  62  5:03  Zergling x2  
  62  5:04  Overlord x3  
  62  5:05  Overlord  
  66  5:09  Spore Crawler  
  66  5:10  Zerg Melee Weapons Level 1, Zerg Ground Armor Level 1  
  65  5:15  Lair  
  65  5:29  Drone x2  
  67  5:41  Zergling x4  
  67  5:42  Zergling x18  
  78  5:43  Hatchery  
  77  5:57  Zergling x8  
  77  5:58  Zergling x6  
  84  6:09  Zergling x10  
  89  6:14  Overlord x4  
  89  6:18  Baneling x7  
  89  6:19  Baneling  
  89  6:23  Drone  
  89  6:24  Spore Crawler  
  89  6:34  Drone  
  89  6:35  Drone x8  
  98  6:41  Extractor  
  98  6:54  Zergling x10  
  98  6:55  Zergling x4  
  103  7:10  Queen, Spore Crawler  
  103  7:11  Drone x3  
  103  7:12  Zergling x16  
  103  7:13  Zergling x4  
  103  7:14  Zerg Ground Armor Level 2, Zerg Melee Weapons Level 2  
  117  7:22  Infestation Pit  
  117  7:26  Drone  
  117  7:27  Drone x5  
  120  7:45  Drone x5  
  120  7:46  Drone x3  
  120  7:47  Extractor  
  120  7:48  Extractor  
  124  7:52  Baneling x6  
  124  7:53  Baneling x3  
  124  8:10  Spine Crawler  
  124  8:12  Zergling x2, Spore Crawler  
  123  8:13  Zergling x10  
  123  8:19  Centrifical Hooks  
  128  8:20  Zergling x2  
  128  8:21  Zergling x2  
  128  8:22  Zergling x4  
  122  8:34  Zergling x12  
  122  8:36  Overlord x5  
  127  8:45  Baneling  
  127  8:46  Baneling x21  
  127  8:50  Hive  
  127  8:51  Hatchery  
  127  8:53  Extractor  
  127  8:54  Drone x2  
  127  8:57  Drone  
  127  8:58  Drone x4  
  127  9:00  Extractor  
  131  9:03  Zergling x10  
  136  9:14  Zergling x2  
  136  9:15  Zergling x10  
  142  9:18  Pneumatized Carapace  
  142  9:24  Drone x3  
  142  9:25  Zergling x4, Drone  
  142  9:26  Zergling x6, Hatchery  
  150  9:32  Spire  
  148  9:48  Baneling  
  148  9:49  Baneling x19  
  144  9:59  Baneling  
  136  10:00  Baneling x21  
  136  10:01  Zergling x4  
  136  10:02  Zergling x32  
  136  10:16  Zergling x2  
  136  10:17  Zergling x20  
  141  10:24  Zergling x8  
  119  10:51  Zerg Flyer Armor Level 1  
  119  10:52  Zerg Melee Weapons Level 3  
  119  10:53  Adrenal Glands, Ultralisk Cavern, Zerg Ground Armor Level 3  
  118  10:57  Baneling x9  
  118  10:58  Baneling x4  
  118  10:59  Zergling x2  
  118  11:00  Zergling x28  
  118  11:01  Queen  
  135  11:07  Baneling x7  
  135  11:08  Baneling  
  135  11:09  Drone x3  
  106  11:26  Zergling x24  
  106  11:27  Zergling x6  
  106  11:32  Zergling x4  
  116  11:36  Extractor  
  116  11:38  Extractor  
  108  11:44  Chitinous Plating  
  108  11:46  Ultralisk x2  
  106  11:48  Zergling x2  
  106  11:49  Zergling x8  
  108  12:00  Ultralisk  
  101  12:28  Ultralisk, Hatchery  
  103  12:46  Ultralisk  
  109  12:52  Zergling x2  
  109  12:53  Zergling x8  
  110  13:33  Zergling x12  
  79  14:06  Ultralisk x4  
Show
View Real Time Build Order
Export as new Build Order

Miszu Terran - Winner!

Build Orders: Reaper Expand, Bio Hellbat 

Get SALT Encoding   

  12  0:00  SCV  
  13  0:12  SCV  
  14  0:17  Supply Depot  
  14  0:25  SCV  
  15  0:38  SCV  
  15  0:42  Barracks  
  16  0:45  Refinery  
  16  0:52  SCV  
  17  1:06  SCV  
  18  1:20  SCV  
  19  1:32  Orbital Command  
  19  1:33  Reaper  
  20  1:54  Command Center  
  20  1:58  SCV  
  21  2:07  Supply Depot  
  21  2:11  SCV  
  21  2:12  Marine  
  23  2:22  Factory  
  23  2:28  SCV  
  24  2:38  Barracks Reactor  
  24  2:40  SCV  
  25  2:46  Command Center  
  25  2:52  SCV  
  26  3:05  SCV  
  26  3:17  SCV  
  27  3:23  Hellion x2, Barracks Tech Lab  
  31  3:28  Orbital Command  
  31  3:29  SCV  
  32  3:40  Refinery  
  32  3:41  Marine, SCV  
  33  3:42  Stimpack  
  33  3:46  Barracks  
  34  3:51  Barracks  
  34  3:52  Factory Reactor  
  34  3:53  SCV  
  35  3:59  Marine  
  35  4:02  Orbital Command  
  36  4:03  SCV  
  36  4:05  SCV  
  38  4:15  SCV  
  39  4:19  Engineering Bay  
  39  4:20  Engineering Bay  
  39  4:21  SCV  
  39  4:27  Marine  
  39  4:28  SCV  
  41  4:33  SCV  
  41  4:38  Refinery, Orbital Command  
  42  4:40  Refinery, SCV  
  42  4:43  Starport  
  42  4:44  Factory Reactor  
  44  4:45  SCV  
  44  4:49  Terran Infantry Weapons Level 1  
  44  4:51  Terran Infantry Armor Level 1  
  44  4:52  Marine x3, SCV  
  48  4:57  Supply Depot  
  48  4:58  SCV  
  49  5:04  SCV x2  
  51  5:10  SCV  
  51  5:11  Supply Depot  
  52  5:16  Marine, SCV  
  52  5:17  Marine x2  
  52  5:20  SCV  
  57  5:24  Supply Depot  
  57  5:29  Barracks  
  57  5:30  Barracks, Factory Reactor  
  57  5:31  SCV  
  57  5:34  SCV x2  
  60  5:43  Combat Shields  
  60  5:44  SCV  
  60  5:46  Marine x2, SCV x2  
  60  5:47  Supply Depot  
  60  5:48  Medivac  
  67  5:50  Medivac  
  69  5:57  Armory  
  69  5:59  SCV x3  
  69  6:01  Marauder  
  74  6:08  Marine  
  74  6:09  Marine x3  
  74  6:10  Supply Depot  
  74  6:11  SCV x2  
  79  6:15  Refinery, SCV  
  79  6:18  Barracks Reactor  
  81  6:20  Barracks Reactor  
  81  6:23  SCV x2  
  83  6:27  SCV  
  83  6:29  Supply Depot  
  83  6:32  Marine x4, Marauder  
  88  6:35  SCV x2  
  88  6:38  Supply Depot  
  92  6:43  Medivac x2  
  96  6:50  Factory, Marine x2  
  88  6:54  Marine x3, Marauder  
  88  6:56  Hellion x2  
  88  7:01  Marine x3  
  97  7:08  Marine x2  
  101  7:10  Supply Depot  
  101  7:12  Supply Depot, Marine  
  102  7:16  Marauder  
  102  7:17  Marine  
  102  7:18  Marine  
  102  7:19  Marine x3  
  102  7:20  Terran Infantry Armor Level 2, Terran Infantry Weapons Level 2  
  109  7:25  Marine  
  110  7:30  Terran Vehicle Weapons Level 1  
  110  7:32  Hellion x2  
  110  7:33  Factory Tech Lab  
  110  7:36  Supply Depot  
  114  7:37  Bunker  
  114  7:39  Marine x2  
  114  7:40  Marine x4  
  114  7:42  Medivac  
  122  7:52  Infernal Pre-Igniter  
  122  7:53  Hellion  
  122  7:55  Thor  
  130  8:00  Hellion  
  130  8:04  Marauder  
  134  8:08  Supply Depot  
  134  8:09  Supply Depot  
  134  8:14  Medivac x2  
  134  8:15  Marine  
  134  8:16  Marine x2  
  141  8:28  Supply Depot  
  141  8:29  Supply Depot x2  
  141  8:30  Supply Depot  
  141  8:31  Supply Depot x2  
  141  8:36  Supply Depot  
  141  8:37  Supply Depot  
  141  8:50  Marine  
  141  8:51  Hellbat x2, Thor  
  152  8:58  Supply Depot  
  152  8:59  Marine x2  
  152  9:00  Marine x3, Marauder  
  159  9:03  Marine  
  159  9:04  Marine, Medivac x2  
  159  9:07  Supply Depot  
  165  9:10  Supply Depot  
  165  9:12  Concussive Shells  
  165  9:16  Hellbat  
  169  9:17  Hellbat  
  169  9:35  Marine x7, Marauder  
  169  9:36  Marine  
  179  9:40  Command Center  
  179  9:45  Hellbat x2  
  183  9:53  Marine x6  
  169  10:13  Marine, Marauder  
  169  10:14  Marine  
  150  10:17  Marine  
  150  10:18  Marine x5  
  137  10:28  Hellion x3  
  139  10:31  Marine x2  
  139  10:35  Marine, Marauder  
  133  10:36  Terran Infantry Weapons Level 3, Marine x2, Terran Infantry Armor Level 3  
  136  10:48  Marine  
  136  10:49  Hellion x2  
  139  10:50  Thor  
  139  10:56  Marauder  
  147  11:02  Marine  
  147  11:03  Marine x5  
  153  11:06  SCV  
  153  11:07  SCV  
  155  11:18  Marauder  
  150  11:23  Marine x5  
  150  11:24  Marine  
  146  11:31  Hellbat x2  
  150  11:35  Liberator  
  150  11:38  Marine  
  150  11:39  Marine, Marauder  
  152  11:41  Marine  
  142  11:50  Thor  
  142  11:52  Hellbat  
  145  12:02  Hellion, Marauder  
  149  12:11  Marine  
  149  12:12  Marine  
  149  12:13  Marine x5  
  151  12:20  Liberator, Planetary Fortress  
  148  12:23  Marauder  
  148  12:33  Marine, Thor  
  155  12:39  Liberator  
  156  12:44  Marauder  
  159  13:03  Liberator  
  159  13:06  Bunker, Marauder  
  159  13:08  Supply Depot x2  
  159  13:16  Cyclone  
  163  13:22  Liberator  
  166  13:27  Marauder, Command Center  
  171  13:47  Marine  
  171  13:48  Marine x5, Marauder  
  138  14:03  Marine  
  130  14:10  Marauder  
  129  14:31  Marauder  
Tags
 
Add a new tag
Caveats
  • Supply blocks, unpowered buildings, or Contaminate may cause inaccurate times.
  • Supply counts are checked every 10 seconds.